 Dungeon Crawl Stone Soup version 0.30.1-11-g7821555f0a (webtiles) character file.

Game seed: 14192606926909674988

112 Martska the Trooper (level 4, 0/37 HPs)
             Began as a Demonspawn Fighter on Dec 13, 2023.
             Slain by an endoplasm (2 damage)
             ... on level 3 of the Dungeon.
             The game lasted 00:02:36 (2364 turns).

Martska the Trooper (Demonspawn Fighter)            Turns: 2364, Time: 00:02:37

Health: 0/37       AC:  8    Str: 16 (18) XL:     4   Next: 64%
Magic:  0/4        EV:  9    Int:  7 (9)  God:
Gold:   153        SH:  4    Dex: 11 (13) Spells: 3/3 levels left

rFire   . . .        l - +1 demon trident (vamp)
rCold   . . .        c - +0 buckler
rNeg    . . .        b - +0 scale mail
rPois   .            (no helmet)
rElec   .            (no cloak)
rCorr   .            m - +1 pair of gloves {infuse}
SInv    .            (no boots)
Will    .....        o - amulet of guardian spirit Stlth
                     (no ring)
HPRegen 0.26/turn    (no ring)
MPRegen 0.09/turn

%: guardian spirit
@: no status effects
A: foul stench 1, weakness stinger 1
a: no special abilities


You were on level 3 of the Dungeon.
You visited 1 branch of the dungeon, and saw 3 of its levels.

You collected 153 gold pieces.

Inventory:

Hand Weapons
 a - a +0 trident
 l - a +1 vampiric demon trident (weapon)
Armour
 b - a +0 scale mail (worn)
 c - a +0 buckler (worn)
 m - a +1 pair of gloves of infusion (worn)
Jewellery
 e - a ring of magical power
 o - an amulet of guardian spirit (around neck)
 s - an amulet of guardian spirit
Wands
 q - a wand of mindburst (13)
Scrolls
 h - a scroll of identify {unknown}
 i - 2 scrolls of magic mapping {unknown}
 n - a scroll of fear {unknown}
 t - a scroll of teleportation {unknown}
Potions
 d - a potion of might
 f - 2 potions of degeneration
 g - 2 potions of heal wounds {unknown}
 j - a potion of haste {unknown}
 k - 2 potions of lignification {unknown}
 p - a potion of mutation {unknown}
 r - 2 potions of magic {unknown}


   Skills:
 * Level 3.8 Fighting
 * Level 2.4 Polearms
 + Level 3.1 Armour
 * Level 1.8 Dodging
 + Level 3.1 Shields


You had 3 spell levels left.
You didn't know any spells.
Your spell library contained the following spells:

 Spells                   Type           Power      Damage    Failure   Level
 Lesser Beckoning         Tloc           0%         N/A       97%         2
 Gell's Gravitas          Tloc           0%         N/A       100%        3
 Teleport Other           Tloc           0%         N/A       100%        3


Dungeon Overview and Level Annotations

Branches:
Dungeon (3/15)

Altars:

Shops:
D:1 :


Innate Abilities, Weirdness & Mutations

You may rarely emit foul miasma when damaged in melee.
You have a small tail.


Message History

The hobgoblin barely misses you. The goblin hits you but does no damage.
You closely miss the goblin. The hobgoblin closely misses you.
The endoplasm freezes you.
You are frozen.
The hobgoblin hits you but does no damage.
The endoplasm freezes you.
You are frozen.
You barely miss the goblin. The goblin barely misses you.
The endoplasm freezes you.
You are frozen.
You block the hobgoblin's attack. You block the goblin's attack.
You barely miss the goblin. You block the endoplasm's attack.
The hobgoblin closely misses you. The goblin hits you.
You emit a cloud of foul miasma!
You barely miss the goblin. The endoplasm freezes you.
You are frozen.
The hobgoblin hits you but does no damage.
The goblin is engulfed in dark miasma.
The goblin is poisoned.
The goblin seems to slow down.
You kill the goblin!
You closely miss the hobgoblin.
The endoplasm hits you but does no damage.
The hobgoblin hits you with a +0 club.
You hit the hobgoblin.
You feel better.
You tail-slap the hobgoblin.
The hobgoblin is moderately wounded.
The hobgoblin hits you with a +0 club.
* * * LOW HITPOINT WARNING * * *
The endoplasm freezes you.
You are frozen.
* * * LOW HITPOINT WARNING * * *
You block the hobgoblin's attack. The endoplasm freezes you.
You are frozen.
* * * LOW HITPOINT WARNING * * *
It was a potion of degeneration.
There was something very wrong with that liquid.
You feel weakened.
You feel dopey.
You feel clumsy. The endoplasm hits you.
You die...

##....## #......# +......+ ......
#....# #....# #..Jg#
###############☼@#########
≈≈≈≈≈≈≈≈≈≈≈≈~......~~≈≈≈≈≈≈≈≈≈≈≈≈
≈≈≈≈≈≈≈≈≈~~~~~....~≈≈≈≈≈≈≈≈≈≈≈≈~≈
~~~~~≈~~~~~~~.....~~~~~~~~~~~~~~~
.~.~~....~~.~~....~~~~~.~~.~~~~.~
.............)...................
..........)))....................
####..##.........................
#####.#....).......########.###..


You could see an endoplasm and a hobgoblin.

Vanquished Creatures
  Terence (D:3)
  3 adders
  A worm (D:2)
  A dart slug (D:3)
  An orc (D:3)
  A bat (D:1)
  A giant cockroach (D:2)
  8 goblins
  7 hobgoblins
  5 jackals
  3 kobolds
  4 quokkas
  8 ball pythons
  2 frilled lizards
  2 rats
48 creatures vanquished.

Notes
Turn   | Place    | Note
-------+----------+-------------------------------------------
     0 | D:1      | Martska the Demonspawn Fighter began the quest for the Orb.
     0 | D:1      | Reached XP level 1. HP: 18/18 MP: 1/1
   102 | D:1      | Gained mutation: You may rarely emit foul miasma when
                  | damaged in melee. [demonic ancestry]
   102 | D:1      | Reached XP level 2. HP: 14/24 MP: 2/2
   240 | D:1      | Reached skill level 1 in Dodging
   916 | D:1      | Found Budaiqu's Book Boutique.
  1232 | D:2      | Reached XP level 3. HP: 29/29 MP: 3/3
  1636 | D:3      | Noticed Terence
  1710 | D:3      | Killed Terence
  1835 | D:3      | Gained mutation: You have a small tail. [demonic ancestry]
  1835 | D:3      | Reached XP level 4. HP: 35/35 MP: 2/4
  2364 | D:3      | Slain by an endoplasm

Illustrated notes

Levels and vault maps discovered:
D:1:      sevenhm_arrival_forest_fort_large_4, layout_loops_ring, serial_shops,
          nicolae_shop_tiny_statue_garden, patterned_corridor
D:2:      layout_basic
D:3:      minmay_goblin_kobold_castle, layout_rooms, minmay_quadrilaterals,
          uniq_terence, uniq_sigmund

Skill      XL: |  1  2  3 |
---------------+----------+-----
Dodging        | 1 |  1.8
Polearms       | 2 |  2.4
Shields        | 3 |  3.1
Armour         | 3 |  3.1
Fighting       | |  3.8

Action                     |  1- 3 |  4- 6 || total
---------------------------+-------+-------++-------
  Melee: Trident           |    75 |       ||    75
         Demon trident     |    30 |    54 ||    84
         Tailslap          |       |     7 ||     7
    Use: Potion            |       |     1 ||     1
 Armour: Scale mail        |    41 |    44 ||    85
  Dodge: Dodged            |    52 |    36 ||    88
  Block: Buckler           |    18 |    18 ||    36
